 Dungeon Crawl Stone Soup version 0.31-a0-210-gccc998df9b (webtiles) character file.

Game seed: 2149320814870567934

104 qw the Chopper (level 4, -3/28 HPs)
             Began as a Gargoyle Fighter on June 30, 2023.
             Slain by a gnoll
             ... wielding a +0 halberd
              (4 damage)
             ... on level 4 of the Dungeon.
             The game lasted 00:01:03 (2200 turns).

qw the Chopper (Gargoyle Fighter)                   Turns: 2200, Time: 00:01:03

Health: -3/28      AC: 19    Str: 22    XL:     4   Next: 80%
Magic:  4/4        EV:  8    Int:  8    God:
Gold:   142        SH:  4    Dex:  9    Spells: 3/3 levels left

rFire   . . .        Y - +0 war axe (protect)
rCold   . . .        c - +0 buckler
rNeg    + . .        f - +0 chain mail
rPois   inf          (no helmet)
rElec   +            (no cloak)
rCorr   .            (no gloves)
SInv    .            (no boots)
Will    .....        (no amulet) Stlth
                     (no ring)
HPRegen 0.24/turn    (no ring)
MPRegen 0.09/turn

%: no passive effects
@: under a protective aura
A: sickness immunity, AC +3, negative energy resistance 1, electricity
resistance, torment resistance 1, petrification resistance
a: no special abilities


You were on level 4 of the Dungeon.
You visited 1 branch of the dungeon, and saw 4 of its levels.

You collected 142 gold pieces.


Innate Abilities, Weirdness & Mutations

You are immune to sickness and miasma.
Your stone body is resilient. (AC +3)
You are immune to poison.
You resist negative energy. (rN+)
You are resistant to electric shocks. (rElec)
You are resistant to unholy torment.
You are immune to petrification.


   Skills:
 - Level 3.2 Fighting
 + Level 4.4 Axes
 - Level 3.2 Armour
 - Level 3.2 Shields


You had 3 spell levels left.
You didn't know any spells.
Your spell library was empty.

Inventory:

Hand Weapons
 b - a +0 flail
 Y - a +0 war axe of protection (weapon)
Armour
 c - a +0 buckler (worn)
 f - a +0 chain mail (worn)
Scrolls
 e - a scroll of identify
Potions
 d - a potion of might
 g - a potion of magic

Dungeon Overview and Level Annotations

Branches:
Dungeon (4/15)
 Temple: D:4-7

Altars:


Message History

Enter note:
Enter note:
Enter note:
Enter note: Done exploring.
2181 ||| DRINKING 2 glowing dark potions.
It was a potion of magic.
Magic courses through your body.
Done exploring.
2182 ||| READING 2 scrolls of identify.
As you read the scroll of identify, it crumbles to dust.
a - a potion of brilliance;
2182 ||| IDENTIFYING murky ruby potion Done exploring.
2183 ||| DROPPING potion of brilliance.
You drop a potion of brilliance.
Done exploring.
(D) Dungeon
Where to? (* - list waypoints, Enter - D:3, ? - help)
What level of the Dungeon? (default 1, ? - help)
You see here a +0 whip.
You see here a +0 club.
There is a stone staircase leading down here.
You climb downwards.
The kobold shouts!
The gnoll shouts!
The ogre shouts!
Found 6 gold pieces and a dagger.
There is a stone staircase leading up here.
There are monsters nearby!
Waypoint 3 assigned to D:4.
You slash the gnoll!
Your weapon exudes an aura of protection.
You kill the gnoll!
You closely miss the gnoll. The gnoll hits you but does no damage.
You block the gnoll's attack.
A ball python comes into view.
The ball python hisses angrily.
You slash the ogre!
The ogre is heavily wounded.
You hit the gnoll. x2
The ogre hits you with a +0 giant spiked club!!
Ouch! That really hurt!
The gnoll hits you but does no damage. The gnoll barely misses you.
The gnoll hits you from afar with a +0 halberd.
You die...

### # .. . #.
###.###.#
#.###........
#...........#
...g....$ .
#.Og.#....
#)@.....#
#...g..#..#
#.........
##..K..#.##
##..... ..
#...... .S
#.####.# # #.
.#


You could see an ogre, 3 gnolls, a ball python and a kobold.

Vanquished Creatures
  An adder (D:2)
  4 gnolls
  A worm (D:3)
  A dart slug (D:1)
  An orc (D:3)
  5 bats
  4 endoplasms
  3 giant cockroaches
  4 goblins
  3 hobgoblins
  4 jackals (D:1)
  5 quokkas
  3 ball pythons
  2 kobolds
  9 rats
50 creatures vanquished.

Notes
Turn   | Place    | Note
-------+----------+-------------------------------------------
     0 | D:1      | qw the Gargoyle Fighter began the quest for the Orb.
     0 | D:1      | Reached XP level 1. HP: 14/14 MP: 1/1
     0 | D:1      | 0 ||| qw: Version: 0.3-a-26-gee661ec
     0 | D:1      | 0 ||| qw: Game counter: 7198
     0 | D:1      | 0 ||| qw: Melee chars always use a shield: true
     0 | D:1      | 0 ||| qw: God list: Okawaru
     0 | D:1      | 0 ||| qw: Allow faded altars: false
     0 | D:1      | 0 ||| qw: Do Orc after clearing Dungeon:15 true
     0 | D:1      | 0 ||| qw: Do second Lair branch before Depths: true
     0 | D:1      | 0 ||| qw: Lair rune preference: random
     0 | D:1      | 0 ||| qw: Goals: Normal, Zot:1-4, Slime:5, God:TSO, Crypt,
                  | Tomb, Abyss, Pan, Hells, Win
     0 | D:1      | 0 ||| PLANNING D:1-11
    59 | D:1      | Reached skill level 2 in Axes
   152 | D:1      | 152 ||| DROPPING +0 club.
   173 | D:1      | Reached XP level 2. HP: 18/19 MP: 2/2
   451 | D:1      | Reached skill level 3 in Axes
   483 | D:1      | Reached XP level 3. HP: 22/23 MP: 3/3
   717 | D:1      | 717 ||| READING scroll labelled SUREPP MOPAM.
   718 | D:1      | 718 ||| READING scroll labelled ZUPLUQ ANOSCH.
   746 | D:2      | 746 ||| Stepping ~*~*~tactically~*~*~ (stealth).
   747 | D:2      | 747 ||| Stepping ~*~*~tactically~*~*~ (stealth).
  1007 | D:2      | 1007 ||| FLEEEEING.
  1217 | D:2      | 1217 ||| DROPPING orb of light.
  1218 | D:2      | 1218 ||| UPGRADING to +0 chain mail.
  1228 | D:2      | 1228 ||| DROPPING +0 scale mail.
  1229 | D:2      | 1229 ||| READING scroll labelled MEOBAS GEOLENK.
  1230 | D:2      | 1230 ||| READING 2 scrolls labelled HONOOS HOJOTOCH.
  1231 | D:2      | 1231 ||| READING scroll labelled OSETHAU CYMM.
  1332 | D:2      | 1332 ||| READING scroll labelled JUNNUWUHAKH.
  1333 | D:2      | 1333 ||| DROPPING scroll of noise.
  1629 | D:3      | Reached XP level 4. HP: 28/28 MP: 4/4
  1636 | D:3      | 1636 ||| Stepping ~*~*~tactically~*~*~ (stealth).
  1637 | D:3      | 1637 ||| Stepping ~*~*~tactically~*~*~ (stealth).
  1644 | D:3      | Reached skill level 4 in Axes
  1660 | D:3      | 1660 ||| DROPPING +0 mace.
  1668 | D:3      | 1668 ||| Stepping ~*~*~tactically~*~*~ (stealth).
  1845 | D:3      | 1845 ||| Stepping ~*~*~tactically~*~*~ (hiding).
  1849 | D:3      | 1849 ||| Stepping ~*~*~tactically~*~*~ (hiding).
  2181 | D:3      | 2181 ||| DRINKING 2 glowing dark potions.
  2182 | D:3      | 2182 ||| READING 2 scrolls of identify.
  2182 | D:3      | 2182 ||| IDENTIFYING murky ruby potion
  2183 | D:3      | 2183 ||| DROPPING potion of brilliance.
  2197 | D:4      | Noticed an ogre
  2200 | D:4      | HP: 1/28 [ogre/+0 giant spiked club (27)]
  2200 | D:4      | Slain by a gnoll

Levels and vault maps discovered:
D:1:      dpeg_arrival_subterranean_lakeside_camping, layout_basic
D:2:      layout_basic, minmay_crystal_water
D:3:      minmay_evil_eye, layout_loops_ring, serial_bayou, serial_bayou_pond_d,
          serial_bayou_crossing, serial_bayou_pond_d, serial_bayou_shore_b,
          kennysheep_another_room, eino_tiny_chamber, nicolae_the_louvre
D:4:      layout_loops_ring, mainiacjoe_overflow_surrounded_room,
          minmay_temple_entry_butterflies, gammafunk_ghost_split

Skill      XL: |  1  2  3  4 |
---------------+-------------+-----
Axes           | 2 3 4 |  4.4
Fighting       | |  3.2
Armour         | |  3.2
Shields        | |  3.2

Action                     |  1- 3 |  4- 6 || total
---------------------------+-------+-------++-------
  Melee: War axe           |   125 |    31 ||   156
    Use: Scroll            |     6 |     1 ||     7
         Potion            |       |     1 ||     1
 Armour: Scale mail        |    54 |       ||    54
         Chain mail        |    12 |    12 ||    24
  Dodge: Dodged            |    57 |     6 ||    63
  Block: Buckler           |    31 |     5 ||    36

Table legend:
 A = Non-vault XP
 B = Vault XP
 C = Vault XP percentage of total XP
 D = Non-vault monster count
 E = Vault monster count
 F = Vault count percentage of total count
                 A         B        C        D         E       F
            +---------+---------+-------+---------+---------+-------
      Total |     137 |      12 |   8.1 |      42 |       8 |  16.0
            +---------+---------+-------+---------+---------+-------
        D:1 |      31 |       8 |  20.5 |      17 |       6 |  26.1
        D:2 |      30 |       0 |   0.0 |      11 |       0 |   0.0
        D:3 |      62 |       4 |   6.1 |      13 |       2 |  13.3
        D:4 |      14 |       0 |   0.0 |       1 |       0 |   0.0
            +---------+---------+-------+---------+---------+-------
